 Dungeon Crawl Stone Soup version 0.29.1-15-g9cfb28693d (webtiles) character file.

Game seed: 1227841232302100749

7114 croobank the Thaumaturge (level 11, -2/81 HPs)
             Began as a Gnoll Fire Elementalist on Apr 25, 2023.
             Was a Plaything of Xom.
             Slain by a slime creature (18 damage)
             ... on level 12 of the Dungeon.
             The game lasted 00:20:13 (9814 turns).

croobank the Thaumaturge (Gnoll Fire Elementalist)  Turns: 9814, Time: 00:20:14

Health: -2/81      AC: 12    Str:  7    XL:     11   Next: 10%
Magic:  10/23      EV: 13    Int: 26    God:    Xom [......]
Gold:   412        SH:  7    Dex: 12    Spells: 11/26 levels left

rFire   + . .      SeeInvis .   A - staff of fire
rCold   . . .      Faith    .   w - +2 buckler
rNeg    . . .      Spirit   .   a - +1 leather armour of Zukifeum {Harm rCorr Str+2}
rPois   .          Reflect  .   B - +1 helmet
rElec   .          Harm     +   x - +0 cloak
rCorr   +          Rampage  .   K - +1 pair of gloves
Will    .....                   i - +1 pair of boots
Stlth   +++.......              (no amulet)
HPRegen 0.23/turn               (no ring)
MPRegen 0.18/turn               (no ring)

@: about to teleport, unable to read
A: fangs 1, strong nose, distributed training, claws 1, clever 2, evolution 1,
inability to read after injury 1
a: Renounce Religion


You were on level 12 of the Dungeon.
You worshipped Xom.
You were a very special plaything of Xom.
You visited 1 branch of the dungeon, and saw 10 of its levels.
You also visited: Sewer.

You collected 412 gold pieces.

Inventory:

Hand Weapons
 f - a +1 short sword of flaming
 q - a +2 vorpal scythe
 t - a +4 dire flail of protection
 v - a +3 quarterstaff of chaos
 D - a +2 dagger of venom
 F - a +0 war axe
 H - a +2 vorpal trident
 M - a +3 vorpal long sword
Missiles
 G - 2 throwing nets
Armour
 a - the +1 leather armour of Zukifeum (worn) {Harm rCorr Str+2}
   (You found it on level 3 of the Dungeon)

   Str:       It affects your strength (+2).
   rCorr:     It protects you from acid and corrosion.
   Harm:      It increases damage dealt and taken.
 i - a +1 pair of boots (worn)
 u - a +2 robe of the Archmagi
 w - a +2 buckler (worn)
 x - a +0 cloak (worn)
 B - a +1 helmet (worn)
 K - a +1 pair of gloves (worn)
Magical Staves
 A - a staff of fire (weapon)
Jewellery
 g - a ring of protection from fire
Wands
 b - a wand of acid (10)
 h - a wand of flame (25)
 k - a wand of mindburst (39)
 s - a wand of charming (3)
 I - a wand of roots (11)
Scrolls
 d - 2 scrolls of brand weapon
 m - 6 scrolls of teleportation
 y - a scroll of poison
 J - a scroll of identify
 L - a scroll of enchant weapon
Potions
 c - 3 potions of brilliance
 e - a potion of magic
 j - 4 potions of curing
 l - 4 potions of haste {unknown}
 n - 6 potions of attraction {unknown}
 o - 2 potions of lignification {unknown}
 p - 2 potions of mutation {unknown}
 r - 3 potions of heal wounds {unknown}
 z - 6 potions of might {unknown}
 E - a potion of resistance {unknown}


   Skills:
 + Level 6.2 Fighting
 + Level 6.2 Short Blades
 + Level 6.2 Long Blades
 + Level 6.2 Axes
 + Level 6.2 Maces & Flails
 + Level 6.2 Polearms
 + Level 6.2 Staves
 + Level 6.2 Ranged Weapons
 + Level 6.2 Throwing
 + Level 6.2 Armour
 + Level 7.8 Dodging
 + Level 7.5 Stealth
 + Level 6.2 Shields
 + Level 6.2 Unarmed Combat
 + Level 8.0 Spellcasting
 + Level 5.6 Conjurations
 + Level 5.1 Hexes
 + Level 5.1 Summonings
 + Level 5.1 Necromancy
 + Level 5.1 Translocations
 + Level 5.1 Transmutations
 + Level 7.6 Fire Magic
 + Level 5.1 Ice Magic
 + Level 5.1 Air Magic
 + Level 5.1 Earth Magic
 + Level 5.1 Poison Magic
 + Level 6.8 Invocations
 + Level 6.2 Evocations


You had 11 spell levels left.
You knew the following spells:

 Your Spells              Type           Power      Damage    Failure   Level
a - Foxfire               Conj/Fire      100%       2x1d9     1%          1
b - Scorch                Fire           100%       2d10      1%          2
c - Inner Flame           Hex/Fire       60%        N/A       2%          3
d - Blink                 Tloc           74%        N/A       1%          2
e - Flame Wave            Conj/Fire      61%        2d14      7%          4
f - Mephitic Cloud        Conj/Pois/Air  38%        N/A       3%          3

Your spell library contained the following spells:

 Spells                   Type           Power      Damage    Failure   Level
 Magic Dart               Conj           100%       1d8       1%          1
 Call Imp                 Summ           37%        N/A       1%          2
 Conjure Flame            Conj/Fire      61%        6-21      1%          3
 Manifold Assault         Tloc           37%        N/A       32%         5
 Storm Form               Tmut/Air       18%        N/A       100%        7


Dungeon Overview and Level Annotations

Branches:
Dungeon (12/15)            Temple (0/1) D:7           Sewer (visited)
   Lair: D:8-11         Orc: D:9-12

Altars:
Ashenzari
Trog
Xom
The Shining One

Shops:
D:5 *

Annotations:
D:7 2 runed translucent doors
D:8 3 runed translucent doors, Jase's ghost, novice HOFi
D:12 Urug


Innate Abilities, Weirdness & Mutations

You have very sharp teeth.
Your uncanny sense of smell can sniff out nearby items.
Your experience applies equally to all skills.
You have sharp fingernails.
Your mind is very acute. (Int +8, Str/Dex -2)
You have hidden genetic potential.
You occasionally lose the ability to read scrolls when taking damage.


Message History

You block the wraith's attack.
A wave of flame ripples out!
The flame wave engulfs the wraith!!
You destroy the wraith!
The flame wave engulfs the slime creature!
The slime creature is moderately wounded.
Your life force feels restored.
A wave of flame ripples out!
The flame wave engulfs the slime creature!
The slime creature is severely wounded.
The flame wave engulfs the slime creature!
The slime creature is moderately wounded.
You finish channelling waves of flame.
The slime creature hits you but does no damage.
Casting: Flame Wave (dangerous; 7% risk of failure)
Confirm with . or Enter, or press ? or * to list all spells.
You feel a surge of power!
Flames lash the slime creature.
The slime creature is heavily wounded.
The slime creature's fire resistance burns away.
Urug the Orcish Ballista comes into view.
She is wielding a +3 war axe and wearing a +1 chain mail of fire resistance.
The slime creature hits you but does no damage.
Casting: Scorch (safe; 1% risk of failure)
Confirm with . or Enter, or press ? or * to list all spells.
You feel a surge of power!
Flames lash the slime creature.
The slime creature is burned terribly!
The slime creature is severely wounded.
The slime creature hits you.
* * * LOW HITPOINT WARNING * * *
You block the slime creature's attack.
Okay, then.
As you read the scroll of teleportation, it crumbles to dust.
You feel strangely unstable.
Urug throws a javelin.
The javelin pierces through you.
* * * LOW HITPOINT WARNING * * *
The slime creature hits you!
* * * LOW HITPOINT WARNING * * *
The slime creature hits you but does no damage.
It was a potion of curing.
You feel better. The slime creature hits you!
You feel threatened and lose the ability to read scrolls!
You die...
Xom snickers!

#. .. .# .# .#
#####.####
#...JJ...### ###
#...@....o..
+...#........###
#..........#
###........#
###.###### #..#
##.## #..# #.##


You could see Urug and 2 slime creatures.

Vanquished Creatures
  2 boulder beetles (D:7)
  A manticore (D:7)
  2 gargoyles (D:7)
  3 kobold demonologists (D:7)
  Grinder (D:4)
  2 hornets
  A slime creature (D:12)
  Sigmund (D:3)
  A shadow (D:7)
  A wraith (D:12)
  2 wyverns (D:8)
  Eustachio (D:5)
  Menkaure (D:6)
  Edmund (D:5)
  A water moccasin (D:8)
  Duvessa (D:4)
  A sky beast (D:7)
  2 ice beasts
  A black bear (D:7)
  2 phantoms
  A kobold brigand (D:7)
  2 bullfrogs
  A gnoll sergeant (D:8)
  A necrophage (D:7)
  Blork the orc (D:4)
  Dowan (D:4)
  3 killer bees (D:8)
  A howler monkey (D:8)
  2 hounds
  2 jellies
  A gnoll bouda (D:7)
  An orc priest (D:8)
  Crazy Yiuf (D:5)
  Ijyb (D:4)
  8 iguanas
  5 orc wizards
  7 gnolls
  9 adders
  3 river rats
  2 white imps
  An ufetubus (D:5)
  A worm (D:3)
  3 dart slugs
  10 orcs
  8 bats
  5 endoplasms
  A giant cockroach (D:2)
  9 goblins
  7 hobgoblins
  4 jackals (D:4)
  6 kobolds
  4 quokkas
  8 ball pythons
  9 frilled lizards
  12 rats
169 creatures vanquished.

Vanquished Creatures (others)
  An ogre (D:4)
  405 foxfires
  6 plants (D:4)
  A withered plant (D:2)
413 creatures vanquished.

Grand Total: 582 creatures vanquished

Notes
Turn   | Place    | Note
-------+----------+-------------------------------------------
     0 | D:1      | croobank the Gnoll Fire Elementalist began the quest for
                  | the Orb.
     0 | D:1      | Reached XP level 1. HP: 13/13 MP: 6/6
   390 | D:1      | Reached XP level 2. HP: 19/19 MP: 4/7
   393 | D:1      | Learned a level 2 spell: Scorch
  1122 | D:2      | Reached skill level 5 in Spellcasting
  1122 | D:2      | Reached XP level 3. HP: 25/25 MP: 3/9
  1126 | D:2      | Learned a level 3 spell: Inner Flame
  1183 | D:2      | Found a faded altar of an unknown god.
  1193 | D:2      | Prayed at the altar of an unknown god.
  1193 | D:2      | Became a worshipper of Xom of Chaos
  1212 | D:2      | Reached skill level 1 in Invocations
  1294 | D:2      | Learned a level 2 spell: Blink
  1387 | D:2      | Reached skill level 1 in Fighting
  1387 | D:2      | Reached skill level 1 in Short Blades
  1387 | D:2      | Reached skill level 1 in Long Blades
  1387 | D:2      | Reached skill level 1 in Axes
  1387 | D:2      | Reached skill level 1 in Maces & Flails
  1387 | D:2      | Reached skill level 1 in Polearms
  1387 | D:2      | Reached skill level 1 in Staves
  1387 | D:2      | Reached skill level 1 in Ranged Weapons
  1387 | D:2      | Reached skill level 1 in Throwing
  1387 | D:2      | Reached skill level 1 in Armour
  1387 | D:2      | Reached skill level 1 in Shields
  1387 | D:2      | Reached skill level 1 in Unarmed Combat
  1387 | D:2      | Reached skill level 1 in Evocations
  1631 | D:2      | XOM: divination: magic mapping
  1660 | D:2      | XOM: silly message
  1860 | D:2      | XOM: silly message
  1938 | D:3      | Reached XP level 4. HP: 19/32 MP: 8/11
  2290 | D:3      | XOM: cloud trail
  2435 | D:3      | Reached skill level 1 in Hexes
  2435 | D:3      | Reached skill level 1 in Summonings
  2435 | D:3      | Reached skill level 1 in Necromancy
  2435 | D:3      | Reached skill level 1 in Translocations
  2435 | D:3      | Reached skill level 1 in Transmutations
  2435 | D:3      | Reached skill level 1 in Ice Magic
  2435 | D:3      | Reached skill level 1 in Air Magic
  2435 | D:3      | Reached skill level 1 in Earth Magic
  2435 | D:3      | Reached skill level 1 in Poison Magic
  3044 | D:3      | Identified the +1 leather armour of Zukifeum {Harm rCorr
                  | Str+2}
  3053 | D:3      | XOM: give mutations
  3053 | D:3      | Gained mutation: Your mind is acute. (Int +4, Str/Dex -1)
                  | [Xom's grace]
  3053 | D:3      | Gained mutation: Your mind is very acute. (Int +8, Str/Dex
                  | -2) [Xom's grace]
  3169 | D:3      | XOM: cloud trail
  3311 | D:4      | Noticed an ogre
  3313 | D:4      | Killed an ogre
  3313 | D:4      | XOM: destruction
  3314 | D:4      | Reached XP level 5. HP: 37/37 MP: 3/12
  3319 | D:4      | Noticed Sigmund
  3320 | D:4      | Noticed Ijyb
  3386 | D:3      | Killed Sigmund
  3387 | D:3      | Reached skill level 5 in Dodging
  3387 | D:3      | Reached XP level 6. HP: 27/44 MP: 7/14
  3513 | D:4      | Killed Ijyb
  3532 | D:4      | Noticed Grinder
  3536 | D:3      | Reached XP level 7. HP: 47/50 MP: 9/15
  3581 | D:3      | Learned a level 4 spell: Flame Wave
  3582 | D:4      | XOM: enchant monster (good)
  3586 | D:4      | Killed Grinder
  3587 | D:4      | Reached skill level 5 in Stealth
  3645 | D:4      | XOM: 3-stop teleportation journey
  3704 | D:4      | Noticed Dowan
  3706 | D:4      | XOM: summons friendly crimson imp
  3708 | D:4      | Noticed Duvessa
  3709 | D:4      | Killed Dowan
  3716 | D:4      | Killed Duvessa
  3717 | D:4      | Reached XP level 8. HP: 28/58 MP: 11/16
  4055 | D:4      | Reached skill level 6 in Spellcasting
  4214 | D:4      | Noticed Blork the orc
  4219 | D:4      | Killed Blork the orc
  4303 | D:4      | Found a broken altar of Ashenzari.
  4358 | D:4      | XOM: give mutations
  4358 | D:4      | Gained mutation: You are agile. (Dex +4, Str/Int -1) [Xom's
                  | grace]
  4358 | D:4      | Gained mutation: You have sharp fingernails. [Xom's grace]
  4358 | D:4      | Gained mutation: You have extremely sharp teeth. [Xom's
                  | grace]
  4482 | D:4      | Found a glowing golden altar of the Shining One.
  4483 | D:4      | Found a bloodstained altar of Trog.
  4512 | D:5      | Entered Level 5 of the Dungeon
  4512 | D:5      | Noticed Edmund
  4516 | D:5      | Killed Edmund
  4567 | D:5      | Found a runed translucent door.
  4568 | D:5      | Noticed Crazy Yiuf
  4585 | D:5      | Noticed Eustachio
  4650 | D:4      | XOM: 1-stop teleportation journey
  4678 | D:5      | Killed Eustachio
  4753 | D:5      | Found Qouwk's Neck Hole.
  4888 | D:5      | Found a glowing drain.
  4901 | Sewer    | Entered a sewer
  5719 | D:5      | Reached XP level 9. HP: 65/65 MP: 11/18
  5853 | D:5      | XOM: give mutations
  5853 | D:5      | Lost mutation: You are agile. (Dex +4, Str/Int -1) [Xom's
                  | mischief]
  5853 | D:5      | Lost mutation: You have extremely sharp teeth. [Xom's
                  | mischief]
  5920 | D:5      | Killed Crazy Yiuf
  5983 | D:6      | Noticed Menkaure
  5985 | D:6      | Killed Menkaure
  6152 | D:6      | XOM: 4-stop teleportation journey
  6708 | D:6      | XOM is BORED!
  6708 | D:6      | XOM: give mutation
  6708 | D:6      | Gained mutation: You have hidden genetic potential. [Xom's
                  | mischief]
  7249 | D:7      | XOM: confusion
  7296 | D:7      | Found a staircase to the Ecumenical Temple.
  7958 | D:7      | Noticed a kobold demonologist
  7958 | D:7      | Noticed a gargoyle
  7959 | D:7      | Found a runed translucent door.
  7959 | D:7      | Found a runed translucent door.
  7959 | D:7      | Noticed a kobold demonologist
  7959 | D:7      | Noticed a kobold demonologist
  7959 | D:7      | Noticed a manticore
  7961 | D:7      | Found a runed translucent door.
  7961 | D:7      | Noticed a gargoyle
  7961 | D:7      | Noticed a boulder beetle
  7961 | D:7      | Noticed a boulder beetle
  7964 | D:7      | XOM: summons 2 friendly demons
  7966 | D:7      | Killed a kobold demonologist
  7966 | D:7      | Killed a gargoyle
  7966 | D:7      | Killed a kobold demonologist
  7967 | D:7      | Reached skill level 7 in Spellcasting
  7967 | D:7      | Reached skill level 5 in Invocations
  7967 | D:7      | Killed a kobold demonologist
  7967 | D:7      | Killed a boulder beetle
  7967 | D:7      | Killed a manticore
  7967 | D:7      | Killed a gargoyle
  7968 | D:7      | Reached skill level 5 in Fighting
  7968 | D:7      | Reached skill level 5 in Short Blades
  7968 | D:7      | Reached skill level 5 in Long Blades
  7968 | D:7      | Reached skill level 5 in Axes
  7968 | D:7      | Reached skill level 5 in Maces & Flails
  7968 | D:7      | Reached skill level 5 in Polearms
  7968 | D:7      | Reached skill level 5 in Staves
  7968 | D:7      | Reached skill level 5 in Ranged Weapons
  7968 | D:7      | Reached skill level 5 in Throwing
  7968 | D:7      | Reached skill level 5 in Armour
  7968 | D:7      | Reached skill level 5 in Shields
  7968 | D:7      | Reached skill level 5 in Unarmed Combat
  7968 | D:7      | Reached skill level 5 in Conjurations
  7968 | D:7      | Reached skill level 5 in Evocations
  7968 | D:7      | Reached XP level 10. HP: 74/74 MP: 15/21
  7968 | D:7      | Killed a boulder beetle
  7980 | D:7      | Gained mutation: You possess an exceptional clarity of
                  | mind. [hidden potential]
  7983 | D:7      | XOM: polymorph ufetubus -> quasit
  8529 | D:8      | XOM: give mutation
  8529 | D:8      | Lost mutation: You possess an exceptional clarity of mind.
                  | [Xom's mischief]
  8747 | D:8      | Learned a level 3 spell: Mephitic Cloud
  8790 | D:8      | Found a runed translucent gate.
  8790 | D:8      | Found a runed translucent gate.
  8791 | D:8      | Found a runed translucent gate.
  8795 | D:8      | Noticed Jase's ghost (novice HOFi)
  8806 | D:8      | XOM: draining
  8824 | D:8      | Reached skill level 5 in Hexes
  8824 | D:8      | Reached skill level 5 in Summonings
  8824 | D:8      | Reached skill level 5 in Necromancy
  8824 | D:8      | Reached skill level 5 in Translocations
  8824 | D:8      | Reached skill level 5 in Transmutations
  8824 | D:8      | Reached skill level 5 in Ice Magic
  8824 | D:8      | Reached skill level 5 in Air Magic
  8824 | D:8      | Reached skill level 5 in Earth Magic
  8824 | D:8      | Reached skill level 5 in Poison Magic
  8825 | D:8      | Reached XP level 11. HP: 69/70 MP: 17/22
  9115 | D:8      | XOM: give mutation
  9115 | D:8      | Gained mutation: You occasionally lose the ability to read
                  | scrolls when taking damage. [Xom's mischief]
  9264 | D:8      | XOM: torment (30/72 hp)
  9679 | D:9      | Reached skill level 8 in Spellcasting
  9681 | D:9      | XOM is BORED!
  9681 | D:9      | XOM: summons 1 hostile shadow creature
  9698 | D:9      | XOM: noise
  9795 | D:9      | You fall into a shaft and drop 3 floors!
  9804 | D:12     | XOM: torment (33/77 hp)
  9811 | D:12     | Noticed Urug
  9814 | D:12     | Slain by a slime creature

Illustrated notes

Levels and vault maps discovered:
D:1:      erik_arrival_blinker_ship, layout_basic, hex_intersection
D:2:      layout_basic, ebering_ecumenical_altar_petrified
D:3:      layout_basic
D:4:      layout_basic, mainiacjoe_overflow_chevrons,
          gammafunk_temple_overflow_statue, uniq_blork_the_orc, uniq_duvessa,
          uniq_ijyb, uniq_sigmund, uniq_grinder
D:5:      layout_rooms, cheibrodos_sewer_entry_sluice, abandoned_shop,
          nicolae_shop_sticking_my_neck_out, uniq_crazy_yiuf_cottage,
          uniq_edmund, uniq_eustachio
D:6:      layout_gridville, minmay_holes, kennysheep_generic_room_9,
          uniq_menkaure
D:7:      minmay_the_grid_triangle_9x9_rhombus_full
          [minmay_the_grid_triangle_9x9_alien,
          minmay_the_grid_triangle_9x9_steps,
          minmay_the_grid_triangle_9x9_fully_insulated_deathbox,
          minmay_the_grid_triangle_9x9_zippers_horizontal,
          minmay_the_grid_triangle_9x9_sparse_checkered,
          minmay_the_grid_triangle_9x9_flanged_cone,
          minmay_the_grid_triangle_9x9_impossible_snake,
          minmay_the_grid_triangle_9x9_prize_schism], layout_layer_cave
D:8:      layout_cave_pools, gammafunk_ghost_spectres
D:9:      layout_roguey, dreamdust_princess_bridge, uniq_psyche
D:12:     layout_roguey, nicolae_trove_entry_columns, uniq_urug

Skill      XL: |  1  2  3  4  5  6  7  8  9 10 11 |
---------------+----------------------------------+-----
Conjurations   | 2 3 5 |  5.6
Spellcasting   | 5 6 7 8 |  8.0
Invocations    | 1 2 3 4 6 |  6.8
Fighting       | 1 2 3 5 6 |  6.2
Short Blades   | 1 2 3 5 6 |  6.2
Long Blades    | 1 2 3 5 6 |  6.2
Axes           | 1 2 3 5 6 |  6.2
Maces & Flails | 1 2 3 5 6 |  6.2
Polearms       | 1 2 3 5 6 |  6.2
Staves         | 1 2 3 5 6 |  6.2
Ranged Weapons | 1 2 3 5 6 |  6.2
Throwing       | 1 2 3 5 6 |  6.2
Armour         | 1 2 3 5 6 |  6.2
Shields        | 1 2 3 5 6 |  6.2
Unarmed Combat | 1 2 3 5 6 |  6.2
Evocations     | 1 2 3 5 6 |  6.2
Hexes          | 1 2 3 4 5 |  5.1
Summonings     | 1 2 3 4 5 |  5.1
Necromancy     | 1 2 3 4 5 |  5.1
Translocations | 1 2 3 4 5 |  5.1
Transmutations | 1 2 3 4 5 |  5.1
Ice Magic      | 1 2 3 4 5 |  5.1
Air Magic      | 1 2 3 4 5 |  5.1
Earth Magic    | 1 2 3 4 5 |  5.1
Poison Magic   | 1 2 3 4 5 |  5.1
Dodging        | 5 6 7 |  7.8
Stealth        | 5 7 |  7.5
Fire Magic     | 6 7 |  7.6

Action                   |  1- 3 |  4- 6 |  7- 9 | 10-12 || total
-------------------------+-------+-------+-------+-------++-------
Melee: Short sword       |    15 |     4 |    38 |       ||    57
       Bite              |     2 |     1 |     7 |     1 ||    11
       Punch             |     1 |     1 |     1 |       ||     3
       Staff             |       |       |     1 |     2 ||     3
 Cast: Foxfire           |    48 |    28 |   102 |    46 ||   224
       Scorch            |    13 |    16 |    71 |    20 ||   120
       Flame Wave        |       |       |       |     1 ||     1
  Use: Scroll            |     2 |       |    14 |     3 ||    19
       Potion            |       |       |     1 |     1 ||     2
 Stab: Sleeping          |     3 |     1 |     2 |       ||     6
Armor: Robe              |     1 |     1 |       |       ||     2
       Leather armour    |       |       |    21 |     7 ||    28
Dodge: Dodged            |     9 |     2 |    40 |     6 ||    57
Block: Buckler           |       |       |     9 |     5 ||    14
